 Dungeon Crawl Stone Soup version 0.31-a0-358-gac0dbeb3ab (webtiles) character file.

Game seed: 3171501023876219825

1110 spiderkeys the Ruffian (level 8, -19/54 HPs)
             Began as an Octopode Shapeshifter on July 25, 2023.
             Demolished by an ogre
             ... wielding a +0 giant spiked club
              (27 damage)
             ... on level 5 of the Dungeon.
             The game lasted 00:04:51 (3947 turns).

spiderkeys the Ruffian (Octopode Shapeshifter)      Turns: 3947, Time: 00:04:52

Health: -19/54     AC:  1    Str: 20    XL:     8   Next: 33%
Magic:  8/8        EV: 14    Int: 11    God:
Gold:   277        SH:  5    Dex: 12    Spells: 7/7 levels left

rFire   . .          .
                       - Unarmed
rCold   + . .        (no shield)
rNeg    . . .        (helmet currently unavailable)
rPois   +            c - amulet "Seror" {Reflect Str+4 SH+5}
rElec   .            d - ring of willpower
rCorr   .            P - ring of poison resistance
SInv    .            C - ring of protection from cold
Will    +....        (no ring)
Stlth   ++           (no ring)
HPRegen 0.29/turn    (no ring)
MPRegen 0.11/turn    (no ring)
                     (no ring)

%: reflection
@: beast-form
A: beast (slay +3), almost no armour, amphibious, 8 rings, camouflage 1,
gelatinous body 1, (nimble swimmer 1), tentacles
a: Begin Untransformation


You were on level 5 of the Dungeon.
You were a hulking beast.
You visited 1 branch of the dungeon, and saw 5 of its levels.

You collected 277 gold pieces.


Innate Abilities, Weirdness & Mutations

You are a hulking beast.
Your limbs bulge with bestial killing power. (Slay +3)
You cannot wear most types of armour.
You are amphibious.
You can wear up to eight rings at the same time.
Your skin changes colour to match your surroundings (Stealth+).
Your rubbery body absorbs attacks. (AC +1, EV +1)
((You are camouflaged when in or above water. (Stealth+)))
You have tentacles for arms and can constrict up to eight enemies at once.


   Skills:
 + Level 4.7 Fighting
 + Level 5.1 Dodging
 + Level 5.6 Unarmed Combat
 + Level 5.0 Shapeshifting


You had 7 spell levels left.
You didn't know any spells.
Your spell library contained the following spells:

 Spells                   Type           Power      Damage    Failure   Level
 Frozen Ramparts          Ice            0%         1d1       71%         3
 Petrify                  Tmut/Erth      0%         N/A       98%         4
 Metabolic Englaciation   Hex/Ice        0%         N/A       100%        5

Inventory:

Missiles
 g - 26 stones
 i - 6 poisoned darts
 r - 5 boomerangs
Jewellery
 c - the amulet "Seror" (around mantle) {Reflect Str+4 SH+5}
   (You acquired it on level 3 of the Dungeon)

   [amulet of reflection]

   It reflects blocked missile attacks.
   Str:       It affects your strength (+4).
   SH:        It affects your SH (+5).
 d - a ring of willpower (left tentacle)
   (You found it on level 1 of the Dungeon)
 C - a ring of protection from cold (on tentacle)
   (You found it on level 4 of the Dungeon)
 P - a ring of poison resistance (right tentacle)
   (You found it on level 2 of the Dungeon)
 T - an amulet of faith {!P}
   (You found it on level 3 of the Dungeon)
Talismans
 b - a beast talisman
Wands
 h - a wand of polymorph (14)
   (You took it off Natasha on level 2 of the Dungeon)
Scrolls
 e - 2 scrolls of enchant armour
 k - a scroll of teleportation {unknown}
 q - 3 scrolls of fog {unknown}
 s - 4 scrolls of identify {@r1}
Potions
 a - a potion of lignification {!q}
 f - 2 potions of brilliance
 j - 2 potions of resistance {unknown}
 l - a potion of berserk rage {unknown}
 m - a potion of enlightenment {unknown}
 n - 2 potions of might {unknown}
 o - a potion of attraction {unknown}
 p - a potion of degeneration {unknown}
 t - a potion of curing {@q1}

Dungeon Overview and Level Annotations

Branches:
Dungeon (5/15) Zot: 26068
 Temple: D:4-7

Altars:
Ru

Shops:
D:1 *

Annotations:
D:4 2 transporters, hashsling's ghost, amateur GrFi

... #.... ..#
.#....# ## ..##
.......#. ..!.#
......... #.....
........ #......
.##.....###O..>...
..........hl......
...........###+###
...........#
...........#
#.......##.+
.........###
........####
...........+
..........##


You could see an ogre and an iguana.


Message History

Found a stone staircase leading up.
You are not religious.
Key pressed, stopping explore.
A scorpion comes into view.
Found an escape hatch in the ceiling.
The scorpion misses you.
You tentacle-slap the scorpion but do no damage.
You grab the scorpion. You squeeze the scorpion! You constrict the scorpion.
The scorpion misses you.
You tentacle-slap the scorpion. You squeeze the scorpion.
You kill the scorpion!
No target in view!
No target in view!
You see here a scorpion corpse.
You see here a scorpion corpse.
There is a stone staircase leading down here.
Key pressed, stopping explore.
Partly explored, unvisited transporter.
Partly explored, unvisited transporter.
Partly explored, unvisited transporter.
Partly explored, unvisited transporter.
There is a stone staircase leading down here.
You climb downwards.
There is a stone staircase leading up here.
A scorpion is nearby!
The scorpion stings you but does no damage.
You barely miss the scorpion. Your grab misses the scorpion.
Your tentacle-slap misses the scorpion.
The scorpion closely misses you.
You tentacle-slap the scorpion. Your grab misses the scorpion.
You squeeze the scorpion! The scorpion stings you.
The scorpion closely misses you. 😕 HP[-5]
You take 5 damage, and now have 49/54 hp.
You bludgeon the scorpion!
You kill the scorpion!
No target in view!
No target in view!
An ogre comes into view.
It is wielding a +0 giant club. 😕 HP[+1]
An ogre is nearby!
The ogre shouts! 😕 HP[+1]
You bludgeon the ogre! You squeeze the ogre! The ogre closely misses you.
You tentacle-slap the ogre.
The ogre hits you with a +0 giant club!!
Ouch! That really hurt!
* * * LOW HITPOINT WARNING * * *
😨 HP[-27]
You take 27 damage, and now have 24/54 hp.
MASSIVE DAMAGE!! (PAUSE)
You tentacle-slap the ogre.
You kill the ogre!
Your Dodging skill increases to level 5! 😨 HP[+1] Key pressed, stopping explore.
Key pressed, stopping explore.
s - 3 scrolls of identify {@r1} (gained 1)
s - 4 scrolls of identify {@r1} (gained 1)
A hound comes into view. 😎 HP[+29]
Your hp is fully restored (54).
A hound is nearby!
An iguana comes into view.
Found a stone staircase leading down.
The helpless hound fails to defend itself.
You tentacle-slap the hound. You grab the hound. You constrict the hound.
The hound bites you. 😕 HP[-6]
You take 6 damage, and now have 48/54 hp.
You tentacle-slap the hound. x2; You constrict the hound.
The iguana hisses angrily.
The hound completely misses you. The hound closely misses you.
An ogre comes into view. It is wielding a +0 giant spiked club.
You barely miss the hound. You constrict the hound.
You kill the hound!
Your Shapeshifting skill increases to level 5!
An ogre is nearby! 😕 HP[+1]
The ogre hits you with a +0 giant spiked club!! 😮 HP[-20]
You take 20 damage, and now have 29/54 hp.
MASSIVE DAMAGE!! (PAUSE)
You tentacle-slap the ogre. x2; Your squeeze misses the ogre.
You tentacle-slap the ogre. Your squeeze misses the ogre.
The ogre hits you with a +0 giant spiked club!
* * * LOW HITPOINT WARNING * * *
😨 HP[-7]
You take 7 damage, and now have 22/54 hp.
You tentacle-slap the ogre. The iguana misses you.
You tentacle-slap the ogre. You squeeze the ogre. The iguana bites you.
* * * LOW HITPOINT WARNING * * *
The ogre closely misses you. 😨 HP[-3]
You take 3 damage, and now have 19/54 hp.
You tentacle-slap the ogre but do no damage.
The iguana bites you!
* * * LOW HITPOINT WARNING * * *
The ogre hits you with a +0 giant spiked club!!
Ouch! That really hurt!
You die...

Skill      XL: |  1  2  3  4  5  6  7  8 |
---------------+-------------------------+-----
Fighting       | 2 3 4 |  4.7
Dodging        | 3 4 5 |  5.1
Unarmed Combat | 4 5 |  5.6
Shapeshifting  | 4 5 |  5.0

Action                     |  1- 3 |  4- 6 |  7- 9 || total
---------------------------+-------+-------+-------++-------
  Melee: Unarmed           |    38 |   104 |    53 ||   195
         Constrict         |    10 |    31 |    10 ||    51
         Tentacles         |     6 |    17 |    16 ||    39
         Punch             |     1 |     4 |     4 ||     9
    Use: Scroll            |     1 |     2 |       ||     3
         Potion            |     1 |       |       ||     1
   Stab: Sleeping          |     7 |     6 |     2 ||    15
 Armour: Skin              |     4 |     6 |     1 ||    11
  Dodge: Dodged            |    17 |    64 |    23 ||   104
  Block: Other             |       |     3 |     5 ||     8

Levels and vault maps discovered:
D:1:      nzn_arrival_water_spiral, layout_loops_corners,
          shapermc_ecumenical_altar_flowoftime, serial_forest,
          infiniplex_forest_lined_4_way, infiniplex_forest_end_double,
          infiniplex_forest_lined_2, infiniplex_forest_lined_2,
          infiniplex_forest_clump_small, infiniplex_forest_corner_1,
          infiniplex_forest_clump_tiny, infiniplex_forest_clump_small,
          infiniplex_forest_corner_1, infiniplex_forest_lined_corner,
          serial_shops, nicolae_shop_real_fake_doors,
          hangedman_abyss_or_decor_lesser_grid,
          wander_ebering_terrifying_dragon_lair
D:2:      layout_loops_ring, kennysheep_big_empty_room, uniq_sigmund,
          uniq_robin, uniq_natasha
D:3:      kennysheep_six_static_rooms, layout_basic, serial_glass,
          glass_columns_a, glass_columns_a, minmay_quantized
D:4:      layout_basic, mainiacjoe_overflow_alcove_4, gammafunk_ghost_mausoleum,
          small_statue_alley_b, uniq_eustachio
D:5:      layout_cave_pools, mainiacjoe_overflow_24_doors, serial_shops,
          nicolae_shop_tiny_glass

Notes
Turn   | Place    | Note
-------+----------+-------------------------------------------
     0 | D:1      | spiderkeys the Octopode Shapeshifter began the quest for
                  | the Orb.
     0 | D:1      | Reached XP level 1. HP: 13/13 MP: 1/1
     0 | D:1      | magus.rc [v1.11.3]
    88 | D:1      | Found Ytsef's General Store.
   373 | D:1      | Reached XP level 2. HP: 16/18 MP: 2/2
   584 | D:1      | Found a faded altar of an unknown god.
  1147 | D:2      | Noticed Sigmund
  1157 | D:2      | Killed Sigmund
  1158 | D:2      | Reached skill level 2 in Fighting
  1158 | D:2      | Reached skill level 3 in Dodging
  1158 | D:2      | Reached XP level 3. HP: 25/25 MP: 3/3
  1158 | D:2      | Reached XP level 4. HP: 30/30 MP: 4/4
  1158 | D:2      | Reached XP level 5. HP: 35/35 MP: 5/5
  1244 | D:2      | You pick up a book of Sloth and begin reading...
  1244 | D:2      | You add the spells Frozen Ramparts, Petrify and Metabolic
                  | Englaciation to your library.
  1302 | D:2      | Noticed Robin
  1303 | D:2      | Noticed Natasha
  1310 | D:2      | Reached skill level 4 in Unarmed Combat
  1321 | D:2      | Killed Natasha
  1327 | D:2      | HP: 6/36 [hobgoblin[Robin] (7)]
  1446 | D:2      | Killed Robin
  1447 | D:2      | Reached XP level 6. HP: 40/41 MP: 6/6
  1450 | D:2      | Noticed Natasha
  1454 | D:2      | Killed Natasha
  1655 | D:2      | Noticed Natasha
  1661 | D:2      | Killed Natasha
  1662 | D:2      | Reached skill level 3 in Fighting
  2288 | D:3      | Reached skill level 4 in Shapeshifting
  2680 | D:3      | Identified a scroll of acquirement
  2680 | D:3      | Acquired the amulet "Seror" {Reflect Str+4 SH+5}
  2900 | D:4      | Found a transporter.
  2903 | D:4      | Noticed hashsling's ghost (amateur GrFi)
  2904 | D:4      | Found a transporter.
  3000 | D:4      | Reached XP level 7. HP: 45/46 MP: 7/7
  3038 | D:4      | Reached skill level 4 in Dodging
  3240 | D:4      | Reached skill level 4 in Fighting
  3240 | D:4      | Reached skill level 5 in Unarmed Combat
  3404 | D:4      | Noticed Eustachio
  3411 | D:4      | Killed Eustachio
  3412 | D:4      | Reached XP level 8. HP: 45/54 MP: 8/8
  3543 | D:4      | Found a sacrificial altar of Ru.
  3783 | D:5      | Entered Level 5 of the Dungeon
  3800 | D:5      | Reached skill level 5 in Dodging
  3940 | D:5      | Reached skill level 5 in Shapeshifting
  3947 | D:5      | HP: 8/54 [iguana (11)]
  3947 | D:5      | Demolished by an ogre

Vanquished Creatures
  Sigmund (D:2)
  Eustachio (D:4)
  A water moccasin (D:4)
  2 ogres
  3 scorpions
  3 hounds
  A sleepcap (D:4)
  Natasha (thrice) (D:2)
  Robin (D:2)
  4 adders
  4 gnolls (D:4)
  3 worms (D:3)
  2 dart slugs
  4 orcs (D:3)
  3 endoplasms
  4 giant cockroaches
  2 hobgoblins
  2 jackals (D:3)
  3 quokkas
  8 ball pythons
  4 bats
  5 frilled lizards
  19 goblins
  6 kobolds
  7 rats
96 creatures vanquished.

Table legend:
 A = Non-vault XP
 B = Vault XP
 C = Vault XP percentage of total XP
 D = Non-vault monster count
 E = Vault monster count
 F = Vault count percentage of total count
                 A         B        C        D         E       F
            +---------+---------+-------+---------+---------+-------
      Total |    1083 |     504 |  31.8 |      71 |      25 |  26.0
            +---------+---------+-------+---------+---------+-------
        D:1 |      24 |       1 |   4.0 |      16 |       1 |   5.9
        D:2 |      81 |     296 |  78.5 |       8 |      14 |  63.6
        D:3 |      73 |      16 |  18.0 |      23 |       9 |  28.1
        D:4 |     654 |     191 |  22.6 |      21 |       1 |   4.5
        D:5 |     251 |       0 |   0.0 |       3 |       0 |   0.0
            +---------+---------+-------+---------+---------+-------

Skill      XL: |  1  2  3  4  5  6  7  8 |
---------------+-------------------------+-----
Fighting       | 2 3 4 |  4.7
Dodging        | 3 4 5 |  5.1
Unarmed Combat | 4 5 |  5.6
Shapeshifting  | 4 5 |  5.0

Action                     |  1- 3 |  4- 6 |  7- 9 || total
---------------------------+-------+-------+-------++-------
  Melee: Unarmed           |    38 |   104 |    53 ||   195
         Constrict         |    10 |    31 |    10 ||    51
         Tentacles         |     6 |    17 |    16 ||    39
         Punch             |     1 |     4 |     4 ||     9
    Use: Scroll            |     1 |     2 |       ||     3
         Potion            |     1 |       |       ||     1
   Stab: Sleeping          |     7 |     6 |     2 ||    15
 Armour: Skin              |     4 |     6 |     1 ||    11
  Dodge: Dodged            |    17 |    64 |    23 ||   104
  Block: Other             |       |     3 |     5 ||     8

Illustrated notes

Table legend:
 A = Kills in this place as a percentage of kills in the entire game.
 B = Kills by you in this place as a percentage of kills by you in the entire game.
 C = Kills by friends in this place as a percentage of kills by friends in the entire game.
 D = Other kills in this place as a percentage of other kills in the entire game.
 E = Experience gained in this place as a percentage of experience gained in the entire game.
 F = Experience gained in this place divided by the number of levels of this place that you have seen.
                   A       B       C       D       E      F
               +-------+-------+-------+-------+-------+----------------------
         Total | 100.0 | 100.0 |   N/A |   N/A | 100.0 | 317.4
       Dungeon | 100.0 | 100.0 |   N/A |   N/A | 100.0 | 317.4
               +-------+-------+-------+-------+-------+----------------------

Table legend: (Time is in decaauts)
 A = Elapsed time spent in this place.
 B = Non-inter-level travel time spent in this place.
 C = Inter-level travel time spent in this place.
 D = Time resting spent in this place.
 E = Time spent auto-exploring this place.
 F = Levels seen in this place.
 G = Mean time per level.
                   A        B        C        D        E       F      G
               +--------+--------+--------+--------+--------+-----+--------+
         Total |   3930 |   3814 |    116 |    101 |   3191 |   5 |  786.0 |
       Dungeon |   3930 |   3814 |    116 |    101 |   3191 |   5 |  786.0 |
               +--------+--------+--------+--------+--------+-----+--------+

Top non-repeatable levels by time:
     D:1: 1198 daAuts
     D:4: 1064 daAuts
     D:3: 795 daAuts
     D:2: 710 daAuts
     D:5: 162 daAuts
